 Dungeon Crawl Stone Soup version 0.27-a0-1188-g73eefd5def (webtiles) character file.

Game seed: 15665269163454818279

130 DasRunzen the Ducker (level 4, -6/37 HPs)
             Began as a Demigod Gladiator on May 21, 2021.
             Killed by divine providence
             ... invoked by an orc priest
              (13 damage)
             ... on level 3 of the Dungeon.
             The game lasted 00:03:12 (2731 turns).

DasRunzen the Ducker (Demigod Gladiator)            Turns: 2731, Time: 00:03:13

Health: -6/37      AC:  4    Str: 15    XL:     4   Next: 59%
Magic:  8/8        EV: 12    Int: 14    God:
Gold:   120        SH:  6    Dex: 15    Spells: 5/5 levels left

rFire    . . .     SeeInvis .   a - +1 long sword
rCold    . . .     Faith    .   h - +2 buckler
rNeg     . . .     Spirit   .   b - +0 leather armour
rPois    .         Reflect  .   c - +0 helmet
rElec    .         Harm     .   (no cloak)
rCorr    .         Rampage  .   (no gloves)
Will     .....                  (no boots)
Stlth    +.........             (no amulet)
HPRegen  0.12/turn              (no ring)
MPRegen  0.11/turn              (no ring)

@: no status effects
A: high mp 1, forlorn
a: no special abilities


You were on level 3 of the Dungeon.
You visited 1 branch of the dungeon, and saw 3 of its levels.

You collected 120 gold pieces.

Inventory:

Hand Weapons
 a - a +1 long sword (weapon)
Missiles
 d - 3 throwing nets
 e - 8 atropa-tipped darts
 j - 14 poisoned darts (quivered)
Armour
 b - a +0 leather armour (worn)
 c - a +0 helmet (worn)
 h - a +2 buckler (worn)
Scrolls
 i - a scroll of teleportation {unknown}
Potions
 f - a potion of magic
 g - a potion of berserk rage
 k - 2 potions of curing
 l - a potion of attraction {unknown}


   Skills:
 + Level 2.5 Fighting
 + Level 3.2 Long Blades
 - Level 1.7 Throwing
 + Level 1.3 Armour
 + Level 3.2 Dodging
 + Level 1.1 Shields
 + Level 1.3 Spellcasting


You had 5 spell levels left.
You didn't know any spells.
Your spell library contained the following spells:

 Spells                   Type           Power      Damage    Failure   Level
 Animate Skeleton         Necr           0%         N/A       41%         1
 Pain                     Necr           0%         1d4       41%         1
 Vampiric Draining        Necr           0%         2d6       80%         3
 Animate Dead             Necr           0%         N/A       99%         4
 Agony                    Necr           0%         N/A       100%        5


Dungeon Overview and Level Annotations

Branches:
Dungeon (3/15)


Innate Abilities, Weirdness & Mutations

Your attributes grow dramatically as you level up.
You have an increased reservoir of magic. (+10% MP)
You shall have no god before yourself.


Message History

You kill the rat!
You start resting.
HP restored.
e - 8 atropa-tipped darts (gained 2)
You now have 120 gold pieces (gained 14).
An orc priest is nearby!
The orc priest shouts!
The orc priest invokes the aid of Beogh against you.
Pain shoots through your body!
You hit the orc priest but do no damage.
The orc priest barely misses you.
You hit the orc priest.
The orc priest is lightly wounded.
The orc priest mumbles some strange prayers to Beogh against you.
Beogh smites you!
You are too injured to fight recklessly!
You are too injured to fight recklessly!
You are too injured to fight recklessly!
You closely miss the orc priest.
The orc priest is lightly wounded.
The orc priest hits you but does no damage.
The orc priest barely misses you.
You hit the orc priest.
The orc priest is moderately wounded.
The orc priest looks satisfied for a moment.
You closely miss the orc priest.
The orc priest is moderately wounded.
The orc priest calls down the wrath of Beogh upon you.
Pain shoots through your body!
* * * LOW HITPOINT WARNING * * *
You hit the orc priest but do no damage.
The orc priest is moderately wounded.
You block the orc priest's attack. The orc priest closely misses you.
You riposte.
You hit the orc priest.
The orc priest is severely wounded.
You barely miss the orc priest.
The orc priest is severely wounded.
The orc priest invokes the aid of Beogh against you.
Beogh smites you!
You die...

#.......................#.
#.......................#.
#.......................#.
#.......................#.
#.......................#.
#.......................#.
#.......................#.
#.......................#
#.......o@..............#
#.......................#
#.......................#
#.......................#
#.......................#
#.......................#
#.......................#
#.......................#
#.......................#


You could see an orc priest.

Vanquished Creatures
  A water moccasin zombie (D:3)
  3 worms
  4 dart slugs
  4 orcs
  3 endoplasms
  3 giant cockroaches
  3 goblins
  8 hobgoblins
  A jackal (D:2)
  4 kobolds (D:2)
  4 quokkas
  3 ball pythons
  4 bats
  4 frilled lizards
  8 rats
57 creatures vanquished.

Vanquished Creatures (others)
  A plant (D:1)
1 creature vanquished.

Grand Total: 58 creatures vanquished

Notes
Turn   | Place    | Note
-------+----------+-------------------------------------------
     0 | D:1      | DasRunzen the Demigod Gladiator began the quest for the
                  | Orb.
     0 | D:1      | Reached XP level 1. HP: 17/17 MP: 3/3
   310 | D:1      | Reached XP level 2. HP: 24/24 MP: 4/4
  1334 | D:2      | Reached XP level 3. HP: 29/29 MP: 6/6
  1433 | D:2      | Reached skill level 1 in Spellcasting
  2013 | D:2      | Reached skill level 1 in Armour
  2382 | D:3      | Reached skill level 1 in Shields
  2382 | D:3      | Reached XP level 4. HP: 8/37 MP: 8/8
  2731 | D:3      | Killed from afar by an orc priest

Illustrated notes

Levels and vault maps discovered:
D:1:      shiori_shiawase, layout_loops_ring, serial_forest,
          infiniplex_forest_straight_2, infiniplex_forest_clump_medium,
          infiniplex_forest_end_1, infiniplex_forest_zigzag_1
D:2:      layout_loops_ring, minmay_vboxes
D:3:      minmay_chambers_of_threes, layout_basic, serial_park_tiny_pond

Skill      XL: |  1  2  3 |
---------------+----------+-----
Fighting       | 2 |  2.5
Long Blades    | 3 |  3.2
Dodging        | 3 |  3.2
Spellcasting   | 1 |  1.3
Armour         | 1 |  1.3
Shields        | 1 |  1.1
Throwing       | |  1.7

Action                   |  1- 3 |  4- 6 || total
-------------------------+-------+-------++-------
Melee: Long sword        |   138 |    10 ||   148
  Use: Scroll            |     4 |       ||     4
 Stab: Distracted        |     1 |       ||     1
Armor: Leather armour    |    30 |     1 ||    31
Dodge: Dodged            |    78 |     4 ||    82
Block: Buckler           |    27 |     2 ||    29
       Rpst.: Long sword |    25 |     2 ||    27

Table legend: (Time is in decaauts)
 A = Elapsed time spent in this place.
 B = Non-inter-level travel time spent in this place.
 C = Inter-level travel time spent in this place.
 D = Time resting spent in this place.
 E = Time spent auto-exploring this place.
 F = Levels seen in this place.
 G = Mean time per level.
                   A        B        C        D        E       F      G
               +--------+--------+--------+--------+--------+-----+--------+
         Total |   2777 |   2700 |     77 |    243 |   2069 |   3 |  925.7 |
       Dungeon |   2777 |   2700 |     77 |    243 |   2069 |   3 |  925.7 |
               +--------+--------+--------+--------+--------+-----+--------+

Top non-repeatable levels by time:
     D:1: 1054 daAuts
     D:2: 1004 daAuts
     D:3: 718 daAuts
